General information
- name: 로컬 게임(IGL|Passenger)
- type: Custom game
- host: IGL|Passenger
- saver: IGL|Passenger
map: TwistedMeadows
- players: 12
- length: 83:37
- speed: Fast
- version: 1.24 W3XP
- replay type: Public
» download(798 KB)
Players
team 1 (winner)
LawLiet_WiND (
yellow | 225 APM | 18788 actions | 83:35)
6 Demon Hunter
2 Mana Burn
3 Evasion
1 Metamorphosis
6 Beastmaster
3 Summon Quilbeast
3 Summon Hawk
5 Goblin Tinker
3 Pocket Factory
2 Cluster Rockets
» actions
| Assign group hotkey | 266 | |
| Basic commands | 717 | |
| Build / train | 264 | |
| ESC pressed | 12 | |
| Enter build submenu | 62 | |
| Enter hero's abilities submenu | 18 | |
| Give item / drop item | 15 | |
| Right click | 6524 | |
| Select / deselect | 3614 | |
| Select group hotkey | 6234 | |
| Use ability | 1062 | |
18788 total
» units
| Wisp | 60 | |
| Huntress | 3 | |
| Druid of the Talon | 57 | |
| Faerie Dragon | 7 | |
| Ogre Mauler | 1 | |
| Forest Troll Berserker | 1 | |
| Goblin Sapper | 10 | |
| Goblin Shredder | 2 | |
| Chimaera | 4 | |
145 total
» upgrades
| Ultravision | 1 | |
| Druid of the Talon Training | 2 | |
| Well Spring | 1 | |
| Nature's Blessing | 1 | |
| Corrosive Breath | 1 | |
6 total
» buildings
| Altar of Elders | 3 | |
| Moon Well | 19 | |
| Hunter's Hall | 1 | |
| Ancient of War | 8 | |
| Tree of Ages | 2 | |
| Tree of Life | 6 | |
| Tree of Eternity | 2 | |
| Ancient of Wind | 6 | |
| Ancient of Wonders | 8 | |
| Chimaera Roost | 2 | |
57 total
» build order
00:03 Altar of Elders
00:18 Moon Well
01:25 Hunter's Hall
01:40 Ancient of War
02:00 Moon Well
02:51 Tree of Ages
02:51 Tree of Ages
03:33 Moon Well
04:23 Tree of Life
05:50 Tree of Eternity
05:50 Tree of Eternity
06:00 Ancient of Wind
06:15 Ancient of Wind
06:53 Moon Well
07:58 Ancient of War
08:11 Ancient of Wonders
08:23 Ancient of Wonders
08:39 Moon Well
10:09 Tree of Life
11:16 Moon Well
17:36 Ancient of Wonders
17:51 Ancient of War
18:05 Ancient of War
24:49 Ancient of War
25:20 Ancient of Wonders
26:12 Ancient of Wonders
26:34 Altar of Elders
27:12 Moon Well
37:46 Moon Well
39:05 Moon Well
39:05 Moon Well
41:16 Moon Well
42:19 Tree of Life
42:50 Tree of Life
43:03 Ancient of War
48:24 Tree of Life
50:40 Ancient of Wind
50:41 Ancient of Wind
52:49 Ancient of Wonders
52:51 Ancient of Wind
53:02 Ancient of Wind
54:16 Moon Well
54:16 Moon Well
54:17 Moon Well
54:18 Moon Well
57:49 Moon Well
60:42 Altar of Elders
64:37 Ancient of Wonders
64:50 Ancient of Wonders
65:30 Tree of Life
71:11 Chimaera Roost
71:12 Chimaera Roost
72:00 Moon Well
72:01 Moon Well
82:11 Ancient of War
82:12 Ancient of War
82:31 Moon Well
» items
| Potion of Lesser Invulnerability | 9 | |
| Moonstone | 5 | |
| Scroll of Town Portal | 19 | |
| Orb of Venom | 3 | |
| Potion of Healing | 13 | |
| Lesser Clarity Potion | 24 | |
| Staff of Preservation | 1 | |
| Scroll of Healing | 5 | |
| Potion of Invisibility | 1 | |
| Anti-magic Potion | 3 | |
83 total
team 2 (loser)
So.in_WiND (
brown | 325 APM | 27168 actions | 83:35)
10 Blademaster
3 Wind Walk
3 Critical Strike
1 Bladestorm
3 Mirror Image
9 Shadow Hunter
3 Hex
3 Healing Wave
1 Big Bad Voodoo
2 Serpent Ward
» actions
| Assign group hotkey | 277 | |
| Basic commands | 2057 | |
| Build / train | 199 | |
| ESC pressed | 17 | |
| Enter build submenu | 49 | |
| Enter hero's abilities submenu | 21 | |
| Give item / drop item | 54 | |
| Right click | 8885 | |
| Select / deselect | 5303 | |
| Select group hotkey | 9430 | |
| Use ability | 875 | |
27168 total
» units
| Peon | 44 | |
| Grunt | 6 | |
| Raider | 35 | |
| Spirit Walker | 13 | |
| Forest Troll Berserker | 8 | |
| Kodo Beast | 5 | |
| Demolisher | 3 | |
| Goblin Sapper | 8 | |
122 total
» upgrades
| Ensnare | 1 | |
| Spirit Walker Training | 1 | |
| Berserker Strength | 1 | |
| Pillage | 1 | |
| Melee Weapons | 2 | |
| Armor | 1 | |
7 total
» buildings
| Altar of Storms | 1 | |
| Orc Burrow | 18 | |
| Barracks | 1 | |
| Voodoo Lounge | 4 | |
| Stronghold | 2 | |
| Beastiary | 1 | |
| Spirit Lodge | 1 | |
| War Mill | 3 | |
| Great Hall | 12 | |
43 total
» build order
00:03 Altar of Storms
00:13 Orc Burrow
00:35 Barracks
01:25 Orc Burrow
01:51 Voodoo Lounge
01:52 Voodoo Lounge
02:49 Voodoo Lounge
03:28 Stronghold
03:29 Stronghold
04:30 Orc Burrow
05:54 Beastiary
06:01 Spirit Lodge
08:09 Orc Burrow
08:10 War Mill
09:10 Orc Burrow
09:57 Orc Burrow
10:00 Orc Burrow
12:49 Voodoo Lounge
30:56 Great Hall
37:53 Great Hall
38:13 Great Hall
38:14 Great Hall
42:58 Great Hall
51:09 Orc Burrow
51:47 Great Hall
53:29 Orc Burrow
54:15 Orc Burrow
56:53 Great Hall
59:48 Great Hall
61:01 Great Hall
63:14 Great Hall
65:35 Great Hall
67:57 Great Hall
71:19 Orc Burrow
71:25 Orc Burrow
72:19 Orc Burrow
72:23 Orc Burrow
74:05 Orc Burrow
74:09 Orc Burrow
76:27 Orc Burrow
76:29 Orc Burrow
82:00 War Mill
82:34 War Mill
» items
| Circlet of Nobility | 1 | |
| Dust of Appearance | 1 | |
| Boots of Speed | 1 | |
| Healing Salve | 7 | |
| Scroll of Speed | 4 | |
| Scroll of Healing | 4 | |
| Lesser Clarity Potion | 13 | |
| Potion of Mana | 3 | |
| Potion of Lesser Invulnerability | 6 | |
| Scroll of Town Portal | 5 | |
45 total
observersIGL|Passenger,
joyluckdj,
A.1st_Real,
flanner,
EH.GIGABYTE.RMD,
Sasefans_oGz,
exL.Virtuous,
Zotac.Vegeta,
iP.RightSense,
WCIP|Mae Chat log
(00:14 / All) LawLiet_WiND: gg gl hf
(00:16 / Observers) WCIP|Mae: current score 1-1?
(00:18 / All) So.in_WiND: GL
(00:20 / Observers) IGL|Passenger: y
(00:30 / Observers) WCIP|Mae: k, ty :)
(31:15 / Observers) iP.RightSense: omg
(31:16 / Observers) iP.RightSense: dh
(31:23 / Observers) iP.RightSense: 1325 hp
(31:30 / Observers) Sasefans_oGz: no chat
(34:13 / Observers) WCIP|Mae: amazing game
(36:34 / Observers) EH.GIGABYTE.RMD: gold crown guarantee
(36:38 / Observers) iP.RightSense: y
(36:46 / Observers) Zotac.Vegeta: yeah
(36:57 / Observers) Sasefans_oGz: wait
(37:00 / Observers) Sasefans_oGz: are we aloud to talk
(37:02 / Observers) Sasefans_oGz: ?
(37:18 / Observers) Zotac.Vegeta: wtv is not working lol
(37:22 / Observers) Sasefans_oGz: o
(37:23 / Observers) Sasefans_oGz: ok
(37:24 / Observers) IGL|Passenger: XD
(37:24 / Observers) exL.Virtuous: wow
(37:24 / Observers) Sasefans_oGz: hey guys
(37:26 / Observers) Sasefans_oGz: whats up
(37:26 / Observers) Sasefans_oGz: lol
(37:34 / Observers) Sasefans_oGz: i wasnt talking this whole game
(37:36 / Observers) EH.GIGABYTE.RMD: everybody waking up
(37:40 / Observers) Sasefans_oGz: cause i ddint think i was aloud
(37:44 / Observers) IGL|Passenger: ㅋㅋㅋㅋㅋㅋㅋㅋㅋㅋㅋㅋㅋㅋㅋㅋㅋㅋㅋㅋㅋ
(37:46 / Observers) Sasefans_oGz: dang
(37:48 / Observers) Sasefans_oGz: rmd
(37:50 / Observers) Sasefans_oGz: gl in finals
(37:54 / Observers) Sasefans_oGz: cant stay to watch
(37:58 / Observers) Sasefans_oGz: gota go run a tour
(38:00 / Observers) EH.GIGABYTE.RMD: thanks but im in semi
(38:03 / Observers) Sasefans_oGz: for my team
(38:09 / Observers) EH.GIGABYTE.RMD: gl
(38:15 / Observers) Sasefans_oGz: rmd
(38:16 / Observers) WCIP|Mae: rmd playing so.in or lawliet in semis?
(38:24 / Observers) Sasefans_oGz: message me any time u need host for zotac
(38:24 / Observers) EH.GIGABYTE.RMD: ye one of them
(38:32 / Observers) EH.GIGABYTE.RMD: u got msn?
(38:35 / Observers) Sasefans_oGz: yep
(38:36 / Observers) Sasefans_oGz: devham
(38:40 / Observers) WCIP|Mae: nice, hope you have such epic games aswell :)
(38:40 / Observers) exL.Virtuous: im hosting the finals
(38:40 / Observers) Sasefans_oGz: devham@ymail.com
(38:51 / Observers) EH.GIGABYTE.RMD: ;]
(39:54 / Observers) Sasefans_oGz: rmd
(40:01 / Observers) Sasefans_oGz: is ur pic like a cat on msn?
(40:01 / Observers) EH.GIGABYTE.RMD: ye
(40:04 / Observers) EH.GIGABYTE.RMD: i added
(40:04 / Observers) EH.GIGABYTE.RMD: ye
(40:07 / Observers) Sasefans_oGz: kk
(40:09 / Observers) Sasefans_oGz: lol
(40:16 / Observers) Sasefans_oGz: its all chinese or japenese
(40:24 / Observers) exL.Virtuous: korean*
(40:28 / Observers) Sasefans_oGz: o ok
(40:29 / Observers) Sasefans_oGz: korean
(43:26 / Observers) exL.Virtuous: 1.3k left in mine
(44:05 / Observers) WCIP|Mae: well tree will just move on
(44:15 / Observers) WCIP|Mae: if the mine is empty
(44:21 / All) LawLiet_WiND: 저렇게 센 블마
(44:24 / All) LawLiet_WiND: 오랫만에 본다;
(44:27 / Observers) IGL|Passenger: zzzzzzzz
(44:28 / All) So.in_WiND: 이렇게 센 블마
(44:30 / All) So.in_WiND: 첨이라서 제어가안됨
(44:35 / Observers) Zotac.Vegeta: what a game omg
(44:40 / Observers) exL.Virtuous: lol
(44:41 / Observers) EH.GIGABYTE.RMD: soin looks losing concentration
(44:44 / Observers) flanner: TT
(44:48 / Observers) Zotac.Vegeta: yeah
(44:52 / Observers) EH.GIGABYTE.RMD: bad micro
(45:12 / Observers) EH.GIGABYTE.RMD: gg now
(45:23 / Observers) exL.Virtuous: how that happen lol
(45:36 / Observers) exL.Virtuous: wow
(45:46 / Observers) exL.Virtuous: omg
(45:47 / Observers) exL.Virtuous: lol
(46:00 / Observers) flanner: O M G
(46:30 / Observers) exL.Virtuous: i guess its the elfs game to lose at this point
(46:38 / Observers) Sasefans_oGz: this has got to be one the best comebacks ive seen
(47:50 / Observers) EH.GIGABYTE.RMD: i think soin is not good at macring
(47:53 / Observers) EH.GIGABYTE.RMD: macroing
(48:11 / Observers) Sasefans_oGz: this is a game changeing move
(50:30 / Observers) Sasefans_oGz: just wasting time
(50:38 / Observers) WCIP|Mae: *money
(51:09 / Observers) Sasefans_oGz: dang
(51:10 / Observers) Sasefans_oGz: gg
(51:19 / Observers) exL.Virtuous: not yet lol
(51:21 / Observers) exL.Virtuous: he banked
(51:23 / Observers) Sasefans_oGz: just the sh
(51:26 / Observers) Sasefans_oGz: i ment
(51:52 / All) LawLiet_WiND: 이거 금광뜰듯
(51:53 / All) LawLiet_WiND: 금관
(51:57 / All) So.in_WiND: 아까떴음
(51:57 / All) So.in_WiND: ..
(51:58 / Observers) Sasefans_oGz: grape soda is soo good
(52:09 / Observers) Sasefans_oGz: whered these win players come from
(52:12 / Observers) Sasefans_oGz: there mad good
(52:25 / Observers) EH.GIGABYTE.RMD: korean
(52:26 / Observers) EH.GIGABYTE.RMD: both
(52:30 / Observers) Sasefans_oGz: i know
(52:31 / Observers) Zotac.Vegeta: yeah
(52:34 / Observers) WCIP|Mae: korea is just the place to be
(52:35 / Observers) WCIP|Mae: :D
(52:36 / Observers) Sasefans_oGz: or somthing
(52:51 / Observers) WCIP|Mae: (or to be born)
(52:59 / Observers) IGL|Passenger: WiND is a team
(53:16 / Observers) Zotac.Vegeta: both are my players lol
(53:26 / Observers) Sasefans_oGz: team msy/
(53:30 / Observers) Sasefans_oGz: or what evr
(53:32 / Observers) Sasefans_oGz: ?
(53:33 / Observers) exL.Virtuous: proud vegeta :P
(53:42 / Observers) Zotac.Vegeta: team wind now
(53:48 / Observers) IGL|Passenger: no more use A1.msy
(53:55 / Observers) Zotac.Vegeta: no :(
(54:11 / Observers) EH.GIGABYTE.RMD: 6lvl dh soon
(54:13 / Observers) Sasefans_oGz: black and yellow
(54:28 / Observers) Sasefans_oGz: brown and yellow brown yellow
(54:50 / Observers) Sasefans_oGz: 1 good blade storm ftw
(55:53 / Observers) Sasefans_oGz: this is still very even game
(56:04 / Observers) joyluckdj: kk
(56:06 / Observers) Sasefans_oGz: i think dh lvl 6 will be game changer tho
(56:33 / Observers) flanner: metapolis?
(56:43 / Observers) Sasefans_oGz: 60 vs 66
(56:45 / Observers) EH.GIGABYTE.RMD: nice work
(56:50 / Observers) Sasefans_oGz: as i said
(56:57 / Observers) Sasefans_oGz: nice bladestorm ftw
(57:03 / Observers) EH.GIGABYTE.RMD: ensnaring those talons and using storm
(57:06 / Observers) EH.GIGABYTE.RMD: was awesome
(57:15 / Observers) Sasefans_oGz: i found it quite intresting
(57:16 / Observers) Sasefans_oGz: wiat
(57:23 / Observers) Sasefans_oGz: so were not even in simi finals yet
(57:23 / Observers) Sasefans_oGz: /
(58:17 / Observers) exL.Virtuous: how long has this been going on for
(58:24 / Observers) Zotac.Vegeta: 1 hour
(58:38 / Observers) exL.Virtuous: like a grubby moon match
(58:52 / Observers) EH.GIGABYTE.RMD: just hex
(58:53 / Observers) EH.GIGABYTE.RMD: lo l
(59:01 / Observers) EH.GIGABYTE.RMD: 3lvl hex on hero quite long
(59:30 / Observers) EH.GIGABYTE.RMD: gmae is just started imo
(60:04 / Observers) Sasefans_oGz: no alter ftl
(61:03 / Observers) Sasefans_oGz: thats still a full mine
(61:03 / Observers) Sasefans_oGz: rolf
(61:25 / Observers) Sasefans_oGz: by the way if any one wants to play a bnet tour for fun sign up on clanogz.com
(61:34 / Observers) Sasefans_oGz: it starts at 5
(61:43 / Observers) Sasefans_oGz: brackets will be posted at 430
(62:34 / Observers) Sasefans_oGz: dang gg
(62:35 / Observers) Sasefans_oGz: son
(62:39 / Observers) Sasefans_oGz: look at that
(62:44 / Observers) Sasefans_oGz: that sucks
(62:45 / Observers) EH.GIGABYTE.RMD: fly talon fly
(62:52 / Observers) Sasefans_oGz: dang
(62:57 / Observers) Sasefans_oGz: i wouldnt have thought of that
(62:58 / Observers) Sasefans_oGz: lol
(63:10 / Observers) EH.GIGABYTE.RMD: i wanted him to do that
(63:22 / Observers) Sasefans_oGz: that what u would have done?
(63:30 / Observers) EH.GIGABYTE.RMD: indeed
(63:35 / Observers) Sasefans_oGz: hey rmd
(63:43 / Observers) Sasefans_oGz: whats a good start to use vs humans
(63:43 / Observers) EH.GIGABYTE.RMD: ye
(63:49 / Observers) Sasefans_oGz: i always have problems vs them
(63:56 / Observers) EH.GIGABYTE.RMD: aow creeping
(63:57 / Observers) iP.RightSense: how not see
(63:58 / Observers) EH.GIGABYTE.RMD: and harass
(64:19 / Observers) Sasefans_oGz: that it?
(64:27 / Observers) Sasefans_oGz: nice
(64:34 / Observers) EH.GIGABYTE.RMD: If u want easy way
(64:36 / Observers) EH.GIGABYTE.RMD: go for 2rax
(64:40 / Observers) joyluckdj: nice game T_T
(64:40 / Observers) iP.RightSense: balckstorm
(64:41 / Observers) iP.RightSense: gogo
(64:50 / Observers) Sasefans_oGz: so u double rax
(64:53 / Observers) EH.GIGABYTE.RMD: tinker here
(64:53 / Observers) Sasefans_oGz: and go achers
(64:58 / Observers) Sasefans_oGz: or u go hunts
(64:59 / Observers) Sasefans_oGz: ?
(65:02 / Observers) EH.GIGABYTE.RMD: hunts
(65:04 / Observers) exL.Virtuous: hunts lol
(65:06 / Observers) Sasefans_oGz: hunts
(65:08 / Observers) Sasefans_oGz: and what elese
(65:11 / Observers) Sasefans_oGz: like what hero]
(65:12 / Observers) Sasefans_oGz: ?
(65:15 / Observers) EH.GIGABYTE.RMD: warden
(65:19 / Observers) Sasefans_oGz: kk
(65:22 / Observers) Sasefans_oGz: ill try that tongiht
(65:40 / Observers) EH.GIGABYTE.RMD: but it depends on your skill if u going for warden
(65:43 / Observers) Sasefans_oGz: should u expo if they do
(65:45 / Observers) IGL|Passenger: it is my first time that hosting the match which is over 1 hr
(65:46 / Observers) EH.GIGABYTE.RMD: can be worse or better
(65:58 / Observers) Sasefans_oGz: or should u try to push there expo
(66:00 / Observers) Sasefans_oGz: with the hunts
(66:01 / Observers) Sasefans_oGz: ?
(66:10 / Observers) exL.Virtuous: use glaive and ap's to push
(66:11 / Observers) EH.GIGABYTE.RMD: push there expo with mass hunts build ap near their expo also
(66:19 / Observers) EH.GIGABYTE.RMD: bring some wisps to detonate
(66:24 / Observers) Sasefans_oGz: kk
(66:46 / Observers) Sasefans_oGz: so hunts warden and push expo with wisps for deto and bring a ap
(66:48 / Observers) Sasefans_oGz: got it i think
(67:00 / Observers) EH.GIGABYTE.RMD: yup
(67:05 / Observers) EH.GIGABYTE.RMD: 3lvl warden is necessary
(67:16 / Observers) Sasefans_oGz: kk so creep fast with aow?
(67:19 / Observers) IGL|Passenger: lal
(67:33 / Observers) EH.GIGABYTE.RMD: ye
(67:38 / Observers) Sasefans_oGz: kk
(67:40 / Observers) Sasefans_oGz: think i got it
(67:52 / Observers) exL.Virtuous: is there a button to press so fast forward cause i really want to know the winner lol
(68:03 / Observers) Sasefans_oGz: and vs orc dots and dh and bm and tink?
(68:17 / Observers) Sasefans_oGz: block of base of course
(68:21 / Observers) EH.GIGABYTE.RMD: ye cookie cutter
(68:25 / Observers) Sasefans_oGz: k
(69:05 / Observers) Sasefans_oGz: uds i usly just go dh/warden and achers to 3 drys and mass bears
(69:09 / Observers) Sasefans_oGz: else i see garg tech
(69:12 / Observers) Sasefans_oGz: then i get more drys
(69:28 / Observers) exL.Virtuous: dh warden are ur heros?
(69:35 / Observers) Sasefans_oGz: no
(69:35 / Observers) exL.Virtuous: or starting hero?
(69:36 / Observers) Sasefans_oGz: im saying
(69:38 / Observers) Sasefans_oGz: etheir
(69:42 / Observers) exL.Virtuous: oh xD
(69:49 / All) LawLiet_WiND: 블마한번만죽어줘
(69:52 / Observers) Sasefans_oGz: rofl yeah no i dont go dh and then warden
(69:53 / Observers) Sasefans_oGz: lol
(69:53 / Observers) IGL|Passenger: zzzzzzz
(69:57 / All) So.in_WiND: 트리한번만 털려주셈
(70:04 / Observers) IGL|Passenger: ㅋㅋㅋㅋ
(70:07 / Observers) joyluckdj: 멀티
(70:08 / Observers) joyluckdj: 있는줄 몰라
(70:09 / Observers) joyluckdj: 지금 ㅋㅋ
(70:19 / Observers) joyluckdj: 바꾸면 될듯
(70:21 / Observers) joyluckdj: 블마 트리
(71:44 / Observers) exL.Virtuous: i think thats the end of the orc
(72:03 / Observers) Sasefans_oGz: gtg
(72:06 / Observers) Sasefans_oGz: see u virtous
(72:07 / Observers) joyluckdj: final
(72:08 / Observers) Sasefans_oGz: peace rmd
(72:08 / Observers) joyluckdj: kk
(72:12 / Observers) exL.Virtuous: bye
(72:15 / Observers) EH.GIGABYTE.RMD: gl
(73:04 / Observers) flanner: 57 vs 57
(73:42 / All) LawLiet_WiND: 돌겟네
(73:53 / Observers) IGL|Passenger: they're comming
(75:37 / Observers) flanner: bm without claws lucky elf)
(77:58 / Observers) exL.Virtuous: almost as epic as remind vs thomasg at blizzcon :P
(78:10 / Observers) exL.Virtuous: or was that
(78:11 / Observers) exL.Virtuous: wcg
(78:19 / Observers) exL.Virtuous: nvm it was wcg
(78:20 / Observers) exL.Virtuous: lol
(79:26 / Observers) IGL|Passenger: ....;;
(80:46 / Observers) EH.GIGABYTE.RMD: why not use mirror image
(82:14 / Observers) flanner: ^^
(83:35 / All) So.in_WiND: gg